 Dungeon Crawl Stone Soup version 0.22-a0-3-g4fa69d9a97 (webtiles) character file.

0 Manul the Ducker (level 1, -5/11 HPs)
             Began as a Spriggan Abyssal Knight on Jan 1, 2018.
             Was a Follower of Lugonu.
             Slain by an orange demon (11 damage)
             ... on level 1 of the Abyss.
             The game lasted 00:00:34 (189 turns).

Manul the Ducker (Spriggan Abyssal Knight)           Turns: 189, Time: 00:00:35

Health: -5/11      AC:  2    Str:  8    XL:     1   Next: 0%
Magic:  3/3        EV: 18    Int: 13    God:    Lugonu [*.....]
Gold:   0          SH:  0    Dex: 15    Spells: 0/0 levels left

rFire    . . .     SeeInvis +   a - +2 short sword
rCold    . . .     Gourm    .   (shield restricted)
rNeg     . . .     Faith    .   b - +0 robe
rPois    .         Spirit   .   (helmet restricted)
rElec    .         Reflect  .   (no cloak)
rCorr    .         Harm     .   (gloves unavailable)
MR       .....                  (boots unavailable)
Stlth    +.........             (no amulet)
HPRegen  0.03/turn              (no ring)
MPRegen  0.08/turn              (no ring)

@: very quick
A: very small, unfitting armour, see invisible, herbivore, speed 3, slow
metabolism 2
a: Depart the Abyss, Renounce Religion


You were on level 1 of the Abyss.
You worshipped Lugonu.
Lugonu was aware of your devotion.
You were not hungry.

You visited 0 branches of the dungeon, and saw 0 of its levels.
You visited the Abyss 1 time.

Inventory:

Hand Weapons
 a - a +2 short sword (weapon)
Armour
 b - a +0 robe (worn)
Comestibles
 c - a ration


   Skills:
 + Level 2.4 Fighting
 + Level 2.1 Short Blades
 + Level 3.5 Dodging
 + Level 1.7 Invocations


You couldn't memorise any spells.
You didn't know any spells.

Dungeon Overview and Level Annotations

Branches:
Dungeon (0/15)

Altars:


Innate Abilities, Weirdness & Mutations

You are very small and have problems with some larger weapons.
You are too small for most types of armour.
You have supernaturally acute eyesight. (SInv)
You are a herbivore.
You cover ground extremely quickly.
You need consume almost no food.


Message History

A tentacled starspawn is nearby!
A tentacled starspawn comes into view.
An iron imp comes into view.
The iron imp shouts!
The iron imp spits at you.
A thrashing horror comes into view.
The thrashing horror roars!
An orange demon comes into view.
The orange demon screeches!
A thrashing horror comes into view.
The thrashing horror roars!
The thrashing horror completely misses you.
The thrashing horror tramples you but does no damage.
The thrashing horror roars!
The orange demon misses you. The orange demon hits you.
The thrashing horror closely misses you.
The thrashing horror barely misses you. The orange demon stings you from afar!
Ouch! That really hurt!
You die...

... # # #.# .# ..## ##.#
##.#. ##
..###..###..#...
.##.###.#..#.....#. #.##
...................... .
.......4X............ ..
........................
...#..@X.#.....#....
##..x###...## ...###
#.....#.....#. ...#.
...............X.....
#.####.####.#.#... ..#
#. .#. ###.#. .#..# . .
. .....###.#.. . ..
###..#.... . ###.#....#


You could see an orange demon, 2 thrashing horrors and a small abomination.

Vanquished Creatures
  A lurking horror (Abyss:1)
1 creature vanquished.

Notes
Turn   | Place    | Note
-------+----------+-------------------------------------------
     0 | Abyss:1  | Manul the Spriggan Abyssal Knight began the quest for the Orb.
     0 | Abyss:1  | Reached XP level 1. HP: 11/11 MP: 3/3
     0 | Abyss:1  | Found a corrupted altar of Lugonu.
    90 | Abyss:1  | Noticed a small abomination
   115 | Abyss:1  | Noticed an apocalypse crab
   138 | Abyss:1  | Noticed a tentacled starspawn
   151 | Abyss:1  | Noticed a tentacled starspawn
   156 | Abyss:1  | Noticed an iron imp
   176 | Abyss:1  | Noticed a thrashing horror
   181 | Abyss:1  | Noticed a small abomination
   184 | Abyss:1  | Noticed an orange demon
   186 | Abyss:1  | Noticed a thrashing horror
   189 | Abyss:1  | Slain by an orange demon

Vault maps used:

Action                   || total
-------------------------++-------
Melee: Short sword       ||     1
  Use: Scroll            ||     1
Armor: Robe              ||     1
Dodge: Dodged            ||     4

Table legend:
 A = Spawn XP
 B = Non-spawn XP
 C = Spawn XP percentage of total XP
 D = Spawn monster count
 E = Non-spawn monster count
 F = Spawn count percentage of total count
 G = Total turns spent on level
                    A         B        C        D         E        F      G
               +---------+---------+-------+---------+---------+-------+---------
         Total |       0 |       0 |   N/A |       0 |       0 |   N/A |   189
               +---------+---------+-------+---------+---------+-------+---------
               +---------+---------+-------+---------+---------+-------+---------
